 Dungeon Crawl Stone Soup version 0.29-a0-982-gaed3a0c8d8 (webtiles) character file.

Game seed: 17395803268841652794

37 xian the Shield-Bearer (level 3, -4/20 HPs)
             Began as a Vine Stalker Fighter on Aug 1, 2022.
             Slain by a gnoll
             ... wielding a +0 halberd
              (5 damage)
             ... on level 2 of the Dungeon.
             The game lasted 00:01:58 (915 turns).

xian the Shield-Bearer (Vine Stalker Fighter)        Turns: 915, Time: 00:01:59

Health: -4/20      AC:  7    Str: 20    XL:     3   Next: 39%
Magic:  0/4        EV:  9    Int:  8    God:
Gold:   52         SH:  4    Dex: 13    Spells: 2/2 levels left

rFire   . . .      SeeInvis .   i - +1 dagger (venom)
rCold   . . .      Faith    .   b - +0 buckler
rNeg    . . .      Spirit   +   a - +0 scale mail
rPois   .          Reflect  .   (no helmet)
rElec   .          Harm     .   (no cloak)
rCorr   .          Rampage  .   d - +0 pair of gloves
Will    .....                   (no boots)
Stlth   ..........              (no amulet)
HPRegen 0.06/turn               (no ring)
MPRegen 0.09/turn               (no ring)

@: no status effects
A: fangs 2, magic shield, antimagic bite, no potion heal 2
a: no special abilities


You were on level 2 of the Dungeon.
You visited 1 branch of the dungeon, and saw 2 of its levels.

You collected 52 gold pieces.

Inventory:

Hand Weapons
 i - a +1 dagger of venom (weapon)
Missiles
 e - 6 poisoned darts (quivered)
Armour
 a - a +0 scale mail (worn)
 b - a +0 buckler (worn)
 d - a +0 pair of gloves (worn)
Scrolls
 f - 2 scrolls of identify {unknown}
 h - 2 scrolls of magic mapping {unknown}
Potions
 c - a potion of might
 g - 2 potions of curing {unknown}
 j - 2 potions of flight {unknown}


   Skills:
 + Level 3.1 Fighting
 + Level 2.7 Armour
 + Level 3.2 Shields
 + Level 2.2 Unarmed Combat


You had 2 spell levels left.
You didn't know any spells.
Your spell library contained the following spells:

 Spells                   Type           Power      Damage    Failure   Level
 Ensorcelled Hibernation  Hex/Ice        0%         N/A       94%         2
 Passwall                 Tmut/Erth      0%         N/A       94%         2
 Swiftness                Air            0%         N/A       99%         3


Dungeon Overview and Level Annotations

Branches:
Dungeon (2/15)

Altars:
Okawaru


Innate Abilities, Weirdness & Mutations

You have extremely sharp teeth.
When hurt, damage is shared between your health and your magic reserves.
Your bite disrupts and absorbs the magic of your enemies.
Potions cannot restore your health.


Message History

The gnoll hits you but does no damage.
Unknown command.
You hit the gnoll but do no damage. Your bite misses the gnoll.
The gnoll is lightly wounded.
The gnoll hits you with a +0 club.
You hit the gnoll.
The gnoll looks as sick as possible!
The gnoll is heavily wounded.
The gnoll hits you with a +0 club.
You barely miss the gnoll. You bite the gnoll, but do no damage.
The gnoll is severely wounded.
The gnoll closely misses you.
You hit the gnoll.
You kill the gnoll!
You have reached level 3!
Your experience leads to an increase in your attributes!
Increase (S)trength, (I)ntelligence, or (D)exterity?
You feel stronger. x2
You hit the gnoll.
The gnoll is poisoned.
The gnoll is lightly wounded.
The gnoll hits you with a +0 club. The gnoll misses you.
You hit the gnoll but do no damage. Your bite misses the gnoll.
The gnoll is moderately wounded.
The gnoll closely misses you.
The gnoll hits you from afar with a +0 halberd.
You hit the gnoll but do no damage.
The gnoll looks even sicker.
The gnoll is moderately wounded.
You block the gnoll's attack. x2
You closely miss the gnoll.
The gnoll is moderately wounded.
The gnoll hits you but does no damage.
The gnoll hits you from afar with a +0 halberd!
* * * LOW HITPOINT WARNING * * *
You hit the gnoll but do no damage. Your bite misses the gnoll.
The gnoll is heavily wounded.
You block the gnoll's attack. x2
You hit the gnoll.
The gnoll looks as sick as possible!
You bite the gnoll.
You kill the gnoll!
The gnoll closely misses you. The gnoll completely misses you.
The gnoll hits you with a +0 halberd.
You die...

#.###.# #.# #.# #.# #.#
##.###.#######.#
#..............#
######.####....# #.# #....#
#.# #....#
#.#####'#.########
#....@g...........
#..####.#.########
#.....#..........#
#..##.#.#......#.# ###
##.#.............#....
#.#...............###
###.#..#...#...........
#####..........#(..........
#.......#..###.#...._......


You could see a gnoll.

Vanquished Creatures
  2 gnolls (D:2)
  A ball python (D:1)
  A bat (D:1)
  An endoplasm (D:2)
  A giant cockroach (D:1)
  3 hobgoblins (D:2)
  2 goblins (D:1)
  3 kobolds
  3 rats (D:2)
17 creatures vanquished.

Notes
Turn   | Place    | Note
-------+----------+-------------------------------------------
     0 | D:1      | xian the Vine Stalker Fighter began the quest for the Orb.
     0 | D:1      | Reached XP level 1. HP: 11/11 MP: 2/2
   437 | D:1      | Reached XP level 2. HP: 16/16 MP: 1/3
   734 | D:2      | Found an iron altar of Okawaru.
   909 | D:2      | Reached XP level 3. HP: 13/20 MP: 2/4
   912 | D:2      | HP: 1/20 [gnoll/+0 halberd (9)]
   915 | D:2      | Slain by a gnoll

Illustrated notes

Levels and vault maps discovered:
D:1:      dpeg_arrival_solitude, layout_loops_ring
D:2:      layout_basic, basic_altar, minmay_fractal_squares_5

Skill      XL: |  1  2 |
---------------+-------+-----
Shields        | 3 |  3.2
Fighting       | 3 |  3.1
Armour         | |  2.7
Unarmed Combat | |  2.2

Action                   || total
-------------------------++-------
Melee: Dagger            ||    38
       Unarmed           ||     7
       Bite              ||     7
Throw: Dart              ||     6
Armor: Scale mail        ||    11
Dodge: Dodged            ||    19
Block: Buckler           ||    16

Table legend: (Time is in decaauts)
 A = Elapsed time spent in this place.
 B = Non-inter-level travel time spent in this place.
 C = Inter-level travel time spent in this place.
 D = Time resting spent in this place.
 E = Time spent auto-exploring this place.
 F = Levels seen in this place.
 G = Mean time per level.
                   A        B        C        D        E       F      G
               +--------+--------+--------+--------+--------+-----+--------+
         Total |    915 |    902 |     13 |      0 |    712 |   2 |  457.5 |
       Dungeon |    915 |    902 |     13 |      0 |    712 |   2 |  457.5 |
               +--------+--------+--------+--------+--------+-----+--------+

Top non-repeatable levels by time:
     D:1: 682 daAuts
     D:2: 233 daAuts
